 Dungeon Crawl Stone Soup version 0.28.0-62-gf88900778d (webtiles) character file.

Game seed: 6609492219853564011

102 jjjjhere the Chopper (level 4, -8/40 HPs)
             Began as a Deep Dwarf Fighter on Apr 1, 2023.
             Killed by divine providence
             ... invoked by an orc priest
              (12 damage)
             ... on level 3 of the Dungeon.
             The game lasted 00:03:27 (1357 turns).

jjjjhere the Chopper (Deep Dwarf Fighter)           Turns: 1357, Time: 00:03:28

Health: -8/40      AC: 10    Str: 22    XL:     4   Next: 50%
Magic:  4/4        EV:  9    Int:  8    God:
Gold:   46         SH:  5    Dex: 12    Spells: 3/3 levels left

rFire   . . .      SeeInvis .   a - +0 war axe
rCold   . . .      Faith    .   c - +0 buckler
rNeg    . . .      Spirit   .   b - +0 scale mail
rPois   .          Reflect  .   (no helmet)
rElec   .          Harm     .   (no cloak)
rCorr   .          Rampage  .   h - +2 pair of gloves {infuse}
Will    .....                   (no boots)
Stlth   ..........              (no amulet)
HPRegen 0.00/turn               (no ring)
MPRegen 0.09/turn               (no ring)

@: no status effects
A: damage resistance, heal wounds, sense surroundings 1, no regeneration
a: Heal Wounds


You were on level 3 of the Dungeon.
You visited 1 branch of the dungeon, and saw 3 of its levels.

You collected 82 gold pieces.
You spent 36 gold pieces at shops.

Inventory:

Hand Weapons
 a - a +0 war axe (weapon)
Armour
 b - a +0 scale mail (worn)
 c - a +0 buckler (worn)
 h - a +2 pair of gloves of infusion (worn)
Scrolls
 e - 4 scrolls of identify {unknown}
 f - a scroll of holy word {unknown}
 j - a scroll of immolation {unknown}
Potions
 d - a potion of might
 g - a potion of brilliance {unknown}
 i - a potion of curing


   Skills:
 - Level 2.6 Fighting
 * Level 4.5 Axes
 - Level 3.2 Armour
 + Level 4.2 Shields


You had 3 spell levels left.
You didn't know any spells.
Your spell library contained the following spells:

 Spells                   Type           Power      Damage    Failure   Level
 Static Discharge         Conj/Air       0%         N/A       92%         2
 Dispel Undead            Necr           0%         3d6       100%        4
 Sticky Flame             Conj/Fire      0%         2d3       100%        4


Dungeon Overview and Level Annotations

Branches:
Dungeon (3/15)

Altars:

Shops:
D:2 *=(


Innate Abilities, Weirdness & Mutations

You are resistant to damage.
You can heal yourself by infusing magical energy.
You passively map a small area around you.
You do not regenerate.


Message History

You slash the bat!
You kill the bat!
An adder comes into view.
The adder hisses angrily.
You see here a scroll labelled IZA ZUOJ LUREQ.
You are too injured to fight recklessly!
Found a stone staircase leading down.
You slash the adder!
You kill the adder!
j - a scroll labelled IZA ZUOJ LUREQ Unknown command.
Unknown command.
Key pressed, stopping explore.
An orc comes into view. It is wielding a +0 club.
The orc shouts!
An orc priest comes into view.
It is wielding a +2 short sword of electrocution.
There are monsters nearby!
You are too injured to fight recklessly!
The orc priest shouts!
An orc wizard comes into view. It is wielding a +0 dagger.
The orc wizard shouts!
You hear a shout!
An orc comes into view. It is wielding a +0 dagger.
The orc shouts!
The orc priest calls down the wrath of Beogh upon you.
Beogh smites you!
* * * LOW HITPOINT WARNING * * *
The orc hits you with a +0 club.
You feel much better.
The orc priest calls down the wrath of Beogh upon you.
Beogh smites you! The orc hits you but does no damage.
You closely miss the orc.
The orc priest mumbles some strange prayers to Beogh against you.
Beogh smites you!
* * * LOW HITPOINT WARNING * * *
You block the orc's attack.
You fail to use your ability.
The orc hits you but does no damage.
You fail to use your ability.
The orc priest mumbles some strange prayers to Beogh against you.
Beogh smites you!
You die...

#.##..#.......#.#
#.##..#.........#
##.##(.#.......#.#
....#..######.##.#
#####..# * #.##.#
.... , , #.##.#
#### , #.##.# ***
#.##.# , ..##@#
### ####o# ..# * ,
#o# ..# ,* #o# ..#
,, .o# ..# , ..#
### ..# * * ##.#
** * *


You could see an orc priest, an orc wizard and 2 orcs.

Vanquished Creatures
  4 adders (D:3)
  A worm (D:2)
  2 dart slugs (D:3)
  5 ball pythons
  An endoplasm (D:1)
  3 giant cockroaches
  7 goblins
  2 hobgoblins (D:1)
  6 jackals
  3 quokkas
  10 bats
  5 kobolds
  6 rats
55 creatures vanquished.

Notes
Turn   | Place    | Note
-------+----------+-------------------------------------------
     0 | D:1      | jjjjhere the Deep Dwarf Fighter began the quest for the
                  | Orb.
     0 | D:1      | Reached XP level 1. HP: 20/20 MP: 1/1
   101 | D:1      | Reached XP level 2. HP: 21/27 MP: 2/2
   338 | D:1      | Reached XP level 3. HP: 17/33 MP: 3/3
   465 | D:2      | Found a faded altar of an unknown god.
   480 | D:2      | Found Juigahum's Jewellery Emporium.
   604 | D:2      | Found Buwnaffo's General Store.
   613 | D:2      | Bought a potion of curing for 36 gold pieces
   867 | D:2      | Found Apaopn's Weapon Shoppe.
  1171 | D:3      | Reached XP level 4. HP: 17/40 MP: 0/4
  1353 | D:3      | HP: 6/40 [orc priest/divine providence (9)]
  1357 | D:3      | Killed from afar by an orc priest

Illustrated notes

Levels and vault maps discovered:
D:1:      nicolae_arrival_washed_ashore, layout_rooms, chequers_garden
D:2:      layout_loops_ring, hellmonk_ecumenical_altar_arch_garden,
          serial_shops, nicolae_shop_trees, nicolae_shop_trees, shop
D:3:      layout_basic

Skill      XL: |  1  2  3 |
---------------+----------+-----
Axes           | 3 4 |  4.5
Shields        | 4 |  4.2
Fighting       | |  2.6
Armour         | |  3.2

Action                   |  1- 3 |  4- 6 || total
-------------------------+-------+-------++-------
Melee: War axe           |   136 |    28 ||   164
 Abil: Heal Wounds       |       |     1 ||     1
Armor: Scale mail        |    74 |    15 ||    89
Dodge: Dodged            |    74 |    10 ||    84
Block: Buckler           |    36 |    11 ||    47
